 Dungeon Crawl Stone Soup version 0.25.1-2-g60ff931df9 (webtiles) character file.

Game seed: 6994979190212266525

210 lexicalpedant the Chopper (level 5, -9/47 HPs)
             Began as a Hill Orc Fighter on Oct 5, 2020.
             Was an Initiate of Nemelex Xobeh.
             Mangled by an orc warrior
             ... wielding a +0 scimitar
              (13 damage)
             ... on level 5 of the Dungeon.
             The game lasted 00:22:09 (3052 turns).

lexicalpedant the Chopper (Hill Orc Fighter)        Turns: 3052, Time: 00:22:09

Health: -9/47      AC: 10    Str: 20    XL:     5   Next: 87%
Magic:  5/5        EV:  7    Int:  8    God:    Nemelex Xobeh [......]
Gold:   103        SH:  9    Dex: 10    Spells: 4/4 levels left

rFire    . . .     SeeInvis .   a - +1 war axe
rCold    . . .     Gourm    .   c - +0 kite shield
rNeg     . . .     Faith    .   b - +1 scale mail
rPois    .         Spirit   .   r - +0 helmet
rElec    .         Reflect  .   l - +0 cloak
rCorr    .         Harm     .   (no gloves)
MR       .....                  (no boots)
Stlth    ..........             (no amulet)
HPRegen  0.15/turn              (no ring)
MPRegen  0.09/turn              (no ring)

@: very slightly contaminated
A: no striking features
a: Draw Escape, Draw Destruction, Draw Summoning, Renounce Religion


You were on level 5 of the Dungeon.
You worshipped Nemelex Xobeh.
Nemelex Xobeh was noncommittal.
You were not hungry.

You visited 1 branch of the dungeon, and saw 6 of its levels.

You collected 103 gold pieces.

Inventory:

Hand Weapons
 a - a +1 war axe (weapon)
 e - a +0 whip
 k - a +0 hunting sling
Missiles
 h - 20 sling bullets
 n - 4 atropa-tipped darts (quivered)
Armour
 b - a +1 scale mail (worn)
 c - a +0 kite shield (worn)
 i - a +0 leather armour
 l - a +0 cloak (worn)
 o - a +0 scale mail
 r - a +0 helmet (worn)
Jewellery
 m - an uncursed ring of positive energy {unknown}
Wands
 t - a wand of polymorph (7)
Scrolls
 p - a scroll of identify
 v - 2 scrolls of remove curse
Potions
 d - a potion of might
 g - a potion of resistance
 j - 6 potions of curing
 q - a potion of brilliance
Comestibles
 f - a ration


   Skills:
 + Level 4.3 Fighting
 * Level 5.5 Axes
 + Level 3.8 Armour
 + Level 0.2 Dodging
 * Level 1.9 Stealth
 + Level 3.9 Shields


You had 4 spell levels left.
You didn't know any spells.
Your spell library was empty.

Dungeon Overview and Level Annotations

Branches:
Dungeon (7/15)
 Temple: D:4-7

Altars:
Cheibriados
Fedhas
Kikubaaqudgha
Makhleb
Nemelex Xobeh

Annotations:
D:7 Duvessa


Message History

You block the orc's attack.
Found a scale mail.
There is a stone staircase leading up here.
The orc warrior barely misses you.
You climb upwards.
The orc wizard shouts!
The orc shouts!
You hear a shout! x2
Found 8 gold pieces.
There is a stone staircase leading down here.
An orc comes into view. It is wielding a +0 falchion.
The orc shouts!
You hear a shout!
The orc wizard casts a spell at you. You resist with some effort.
Found a stone staircase leading up.
Unknown command.
Unknown command.
You hit the orc warrior.
The orc warrior is moderately wounded.
The orc warrior hits you with a +0 scimitar!
You die...
Your body disappears without a glow.

##### ## ...
.. #.# .
##.##@##....
#.$o>o......<
#..##o##...##
#o .... ....
# .###...##
.. ..# #. .#
## #


You could see an orc warrior, an orc wizard and 2 orcs.

Vanquished Creatures
  An orc priest (D:6)
  4 gnolls (D:3)
  3 adders
  A worm (D:2)
  2 dart slugs (D:1)
  A leopard gecko (D:2)
  3 orcs (D:6)
  6 giant cockroaches
  7 hobgoblins
  A ball python (D:1)
  10 bats
  4 frilled lizards
  7 goblins
  7 kobolds
  8 rats
  9 plants (D:2)
74 creatures vanquished.

Vanquished Creatures (collateral kills)
  A centaur (D:6)
  A leopard gecko (D:6)
  3 orcs (D:6)
  A giant cockroach (D:6)
  A hobgoblin (D:2)
  A quokka skeleton (D:6)
8 creatures vanquished.

Grand Total: 82 creatures vanquished

Notes
Turn   | Place    | Note
-------+----------+-------------------------------------------
     0 | D:1      | lexicalpedant the Hill Orc Fighter began the quest for the
                  | Orb.
     0 | D:1      | Reached XP level 1. HP: 19/19 MP: 1/1
   191 | D:1      | Reached skill level 3 in Axes
   206 | D:1      | Reached XP level 2. HP: 20/27 MP: 2/2
   672 | D:1      | Reached skill level 1 in Stealth
   672 | D:1      | Reached XP level 3. HP: 33/33 MP: 3/3
  1754 | D:2      | Found a sparkling altar of Nemelex Xobeh.
  1764 | D:2      | Became a worshipper of Nemelex Xobeh the Trickster
  1768 | D:2      | Found an ancient bone altar of Kikubaaqudgha.
  1783 | D:2      | Found a burning altar of Makhleb.
  1881 | D:2      | Received a gift from Nemelex Xobeh
  2007 | D:2      | Found a blossoming altar of Fedhas.
  2010 | D:2      | Reached skill level 4 in Axes
  2010 | D:2      | Reached XP level 4. HP: 40/40 MP: 4/4
  2040 | D:2      | Found a snail-covered altar of Cheibriados.
  2102 | D:2      | You fall into a shaft and drop 1 floor!
  2294 | D:2      | Found a faded altar of an unknown god.
  2743 | D:3      | Reached XP level 5. HP: 18/46 MP: 5/5
  2964 | D:3      | You fall into a shaft and drop 3 floors!
  2999 | D:6      | Noticed a centaur
  3006 | D:6      | Killed a centaur
  3006 | D:6      | Reached skill level 5 in Axes
  3014 | D:6      | Noticed an orc warrior
  3016 | D:6      | Noticed an orc warrior
  3038 | D:7      | Noticed Duvessa
  3041 | D:6      | HP: 2/47 [orc warrior/+0 scimitar (6)]
  3050 | D:5      | Entered Level 5 of the Dungeon
  3052 | D:5      | Mangled by an orc warrior

Illustrated notes

Levels and vault maps discovered:
D:1:      saegor_arrival_simple_a, layout_loops_ring, corexii_corridor_pit,
          minmay_tetromino_t4
D:2:      layout_basic, old_standard_altar, lemuel_crystal_altar,
          minmay_overflow_temple_star_quad, chequers_ecumenical_altar_lobes,
          grunt_decor_mini_mirrors
D:3:      layout_loops_ring, good_gods_mini_temple, first_ration
D:5:      layout_basic, grunt_temple_overflow_open,
          minmay_temple_entry_nine_rooms
D:6:      layout_loops_ring, serial_shops, kennysheep_little_box
D:7:      layout_rooms, nicolae_ru_path_of_blood, serial_bayou,
          serial_bayou_shore_b, serial_bayou_shore_b, serial_bayou_shore_a,
          serial_bayou_lake_a, uniq_duvessa, uniq_prince_ribbit1

Skill      XL: |  1  2  3  4  5 |
---------------+----------------+-----
Axes           | 3 4 5 |  5.5
Fighting       | 4 |  4.3
Stealth        | 1 |  1.9
Armour         | |  3.8
Dodging        | |  0.2
Shields        | |  3.9

Action                   |  1- 3 |  4- 6 || total
-------------------------+-------+-------++-------
Melee: War axe           |   137 |   177 ||   314
Throw: Dart              |     1 |       ||     1
Invok: Draw Summoning    |     1 |       ||     1
       Draw Escape       |       |     2 ||     2
       Draw Destruction  |       |     1 ||     1
Evoke: Wand              |       |     1 ||     1
  Use: Potion            |     3 |     1 ||     4
       Scroll            |     6 |     7 ||    13
 Stab: Invisible         |     1 |       ||     1
  Eat: Ration            |     1 |     2 ||     3
Armor: Scale mail        |    99 |    23 ||   122
Dodge: Dodged            |    65 |    16 ||    81
Block: Kite shield       |    87 |    37 ||   124
